Map: Pillars of Gold LE

Players

Serral - Winner!

  • Race: Zerg Zerg
  • League: Grandmaster
  • Spawn Location: 7:00

HeroMarine

  • Race: Terran Terran
  • Spawn Location: 1:00

Event: StayAtHome Story Cup #3

VOD

Have the link to the VOD?

Description

Time

  • Played on: March 13, 2021, 11:21 a.m.
  • Length: 8:37

All games in this series

Show
View Real Time Build Order
Export as new Build Order

Serral Zerg - Winner!

Build Orders: Hatch First 

Get SALT Encoding   

  12  0:00  Drone  
  13  0:12  Overlord  
  13  0:17  Drone  
  14  0:31  Drone  
  14  0:32  Drone  
  16  0:50  Hatchery  
  16  0:54  Drone  
  16  0:57  Drone  
  16  1:01  Drone  
  18  1:11  Extractor  
  17  1:16  Spawning Pool  
  16  1:19  Drone  
  16  1:23  Drone  
  18  1:28  Drone  
  19  1:38  Drone  
  20  1:49  Drone  
  21  2:02  Queen  
  21  2:03  Queen, Zergling x4  
  27  2:12  Overlord  
  27  2:13  Drone  
  28  2:26  Spore Crawler  
  27  2:32  Hatchery  
  27  2:35  Drone  
  26  2:38  Drone  
  28  2:44  Metabolic Boost  
  28  2:46  Drone x2  
  30  2:53  Queen  
  30  2:58  Overlord  
  32  3:00  Drone  
  32  3:02  Drone  
  32  3:05  Drone  
  35  3:16  Drone x5  
  40  3:22  Overlord  
  40  3:27  Queen  
  40  3:32  Drone  
  43  3:40  Queen  
  45  3:43  Queen  
  45  3:44  Drone x2  
  45  3:47  Overlord  
  49  3:52  Zergling x4  
  51  3:56  Drone x2  
  51  3:58  Overlord  
  51  4:02  Zergling x2  
  54  4:03  Drone x2  
  54  4:08  Drone x2  
  58  4:10  Overlord  
  58  4:14  Spore Crawler  
  57  4:19  Queen, Zergling x2  
  57  4:21  Drone x2  
  57  4:22  Drone  
  64  4:26  Queen  
  66  4:36  Lair  
  66  4:37  Spore Crawler x2  
  64  4:38  Drone, Baneling Nest  
  64  4:39  Drone  
  64  4:42  Extractor  
  64  4:43  Spore Crawler  
  63  4:46  Zergling x4  
  63  4:49  Zergling x2  
  63  4:52  Drone, Overlord  
  67  4:53  Drone  
  67  4:59  Zergling x2  
  69  5:00  Drone x4  
  69  5:06  Queen  
  71  5:07  Overlord  
  71  5:10  Drone  
  71  5:12  Overlord  
  71  5:13  Drone  
  75  5:16  Drone x2  
  75  5:18  Zergling x2  
  75  5:19  Drone  
  75  5:21  Drone  
  80  5:24  Baneling x3  
  80  5:25  Drone  
  81  5:32  Drone x4  
  81  5:33  Overseer  
  81  5:35  Drone x2  
  87  5:36  Extractor, Drone  
  87  5:38  Extractor  
  87  5:42  Overseer  
  86  5:46  Hatchery  
  86  5:48  Drone x2  
  87  5:52  Overseer  
  87  5:53  Evolution Chamber  
  87  5:54  Drone x3  
  89  5:59  Centrifical Hooks, Evolution Chamber  
  89  6:00  Drone  
  89  6:02  Drone  
  90  6:04  Drone x2  
  90  6:07  Overlord  
  90  6:08  Drone  
  90  6:11  Zergling x4  
  94  6:13  Drone x2  
  94  6:14  Drone  
  94  6:17  Overlord  
  97  6:21  Overlord  
  97  6:23  Overlord  
  97  6:28  Zerg Melee Weapons Level 1, Spore Crawler, Zerg Ground Armor Level 1  
  97  6:31  Drone x3  
  99  6:36  Zergling x8  
  99  6:38  Baneling x4  
  99  6:39  Baneling  
  103  6:42  Zergling x6  
  103  6:44  Zergling x4  
  103  6:45  Zergling x2  
  109  6:49  Zergling x8  
  113  6:57  Zergling x6  
  115  7:02  Zergling x4  
  116  7:15  Baneling x5  
  114  7:16  Drone x3, Baneling x3  
  114  7:17  Zergling x2  
  114  7:18  Zergling x10  
  123  7:25  Zergling x10  
  123  7:28  Queen  
  129  7:31  Zergling x8  
  133  7:37  Overlord x2  
  133  7:38  Overlord  
  133  7:44  Baneling x10  
  133  7:50  Zergling x6  
  135  7:52  Hatchery  
  135  7:55  Baneling x13  
  128  7:58  Zergling x22  
  132  8:07  Zergling x10  
  132  8:08  Zergling x2  
  118  8:15  Baneling x2, Zergling x2  
  118  8:16  Zergling x6  
  110  8:28  Hatchery  
Show
View Real Time Build Order
Export as new Build Order

HeroMarine Terran 

Build Orders: Reaper Expand, Hellion Banshee 

Get SALT Encoding   

  12  0:00  SCV  
  13  0:12  SCV  
  14  0:17  Supply Depot  
  14  0:24  SCV  
  15  0:39  SCV, Barracks  
  16  0:44  Refinery  
  16  0:51  SCV  
  17  1:03  SCV  
  18  1:15  SCV  
  19  1:26  Reaper  
  19  1:27  Orbital Command  
  20  1:43  Command Center  
  20  1:53  Supply Depot  
  20  1:54  SCV  
  21  1:58  Marine  
  22  2:06  SCV  
  23  2:10  Factory  
  23  2:18  SCV  
  23  2:20  Refinery  
  24  2:22  Barracks Reactor  
  24  2:30  SCV  
  25  2:42  SCV  
  26  2:54  SCV  
  26  2:55  Starport  
  26  2:56  Orbital Command  
  27  3:06  SCV, Hellion x2  
  27  3:08  Barracks Tech Lab  
  32  3:18  SCV  
  33  3:23  SCV  
  34  3:27  Hellion  
  34  3:28  Hellion  
  34  3:31  Supply Depot  
  39  3:38  Banshee, Cloaking Field  
  39  3:40  SCV  
  39  3:41  SCV  
  43  3:43  Barracks Tech Lab  
  43  3:51  Hellion  
  43  3:54  Hellion  
  47  3:55  SCV  
  47  3:56  Supply Depot  
  47  3:58  SCV  
  49  4:04  Stimpack  
  49  4:08  SCV  
  50  4:10  SCV  
  50  4:13  Hellion  
  53  4:18  Hellion  
  53  4:20  SCV  
  53  4:21  Supply Depot  
  53  4:22  SCV  
  53  4:24  Banshee  
  60  4:32  SCV  
  60  4:34  SCV  
  62  4:44  SCV, Command Center  
  63  4:47  SCV  
  64  4:53  Factory Reactor  
  64  4:54  Barracks  
  64  4:58  SCV  
  64  4:59  SCV, Marine  
  66  5:02  Barracks  
  67  5:10  SCV  
  67  5:11  SCV  
  67  5:13  Refinery, Engineering Bay x2  
  69  5:16  Starport Reactor  
  69  5:17  Marine  
  70  5:23  Refinery  
  70  5:40  Terran Infantry Armor Level 1, Terran Infantry Weapons Level 1  
  70  5:47  SCV x2, Marine x3, Siege Tank  
  78  5:51  Barracks, Combat Shield  
  78  5:54  Barracks  
  78  5:57  Marine x2  
  78  5:58  Orbital Command  
  78  5:59  SCV  
  81  6:04  SCV  
  81  6:05  Marine x3  
  85  6:11  SCV  
  85  6:14  Marine  
  85  6:15  Marine, Medivac  
  85  6:18  Medivac  
  92  6:21  Supply Depot  
  92  6:23  Marine  
  92  6:24  Siege Tank  
  92  6:25  Orbital Command  
  96  6:26  SCV x2  
  96  6:28  Marine x2  
  96  6:32  Marine  
  100  6:39  Supply Depot  
  101  6:42  Barracks Reactor, Marine  
  101  6:43  Barracks Reactor, SCV x2  
  104  6:47  Marine x3  
  104  6:50  Marine  
  109  7:00  Marine  
  110  7:04  Siege Tank  
  110  7:05  Marine x2  
  110  7:06  Armory  
  110  7:07  Medivac  
  108  7:10  Medivac  
  108  7:12  Marine  
  111  7:16  Marine  
  111  7:18  Marine  
  111  7:22  Marine  
  114  7:26  Marine  
  114  7:27  Marine x3  
  114  7:28  Marine  
  114  7:29  Marine  
  115  7:34  Marine  
  115  7:36  Marine  
  118  7:40  Marine  
  119  7:44  Marine, Siege Tank  
  119  7:45  Medivac  
  125  7:55  Marine x3  
  125  7:56  Medivac  
  110  8:06  Marine  
  110  8:07  Marine  
  110  8:09  Marine x2  
  110  8:10  Marine x2  
  105  8:15  Marine x2  
Tags
 
Add a new tag
Caveats
  • Supply blocks, unpowered buildings, or Contaminate may cause inaccurate times.
  • Supply counts are checked every 10 seconds.